 Dungeon Crawl Stone Soup version 0.20.0-6-gd3061e9 (webtiles) character file.

4290 anfisbena the Carver (level 10, -10/56 HPs)
             Began as a Vine Stalker Fighter on May 28, 2017.
             Was a Priest of Uskayaw.
             Killed from afar by Nergalle (25 damage)
             ... with a bolt of negative energy
             ... on level 10 of the Dungeon.
             The game lasted 00:11:36 (6499 turns).

anfisbena the Carver (Vine Stalker Fighter)         Turns: 6499, Time: 00:11:36

Health: -10/56     AC: 12    Str: 20    XL:     10   Next: 32%
Magic:  0/11       EV:  3    Int:  8    God:    Uskayaw [***...]
Gold:   426        SH:  9    Dex: 16    Spells: 9/9 levels left

rFire    . . .     SeeInvis .   a - +0 scimitar
rCold    . . .     Gourm    .   c - +0 shield
rNeg     . . .     Faith    .   I - +0 plate armour
rPois    +         Spirit   +   l - +1 hat
rElec    .         Reflect  .   (no cloak)
rCorr    .         Harm     .   F - +0 pair of gloves
MR       ++...                  (no boots)
Stlth    ..........             (no amulet)
Regen    0.6/turn               k - ring of poison resistance
MPRegen  0.2/turn               H - ring of protection from magic

@: heavily drained
A: fangs 3, regeneration 1, magic shield, antimagic bite, no potion heal 3, rot
immunity
a: Stomp, Line Pass, Renounce Religion


You were on level 10 of the Dungeon.
You worshipped Uskayaw.
Uskayaw was noncommittal.
You were not hungry.

You visited 2 branches of the dungeon, and saw 9 of its levels.
You also visited: Sewer.

You collected 426 gold pieces.

Inventory:

Hand Weapons
 a - a +0 scimitar (weapon)
Armour
 c - a +0 shield (worn)
 l - a +1 hat (worn)
 F - a +0 pair of gloves (worn)
 I - a +0 plate armour (worn)
Jewellery
 d - an uncursed ring of see invisible
 k - a ring of poison resistance (left hand)
 s - a +3 ring of protection
 H - a ring of protection from magic (right hand)
Wands
 o - a wand of flame (34/48)
 A - a wand of iceblast (9/15)
 J - a wand of digging (10/24)
Scrolls
 b - a scroll of fear {unknown}
 h - 4 scrolls of amnesia
 i - a scroll of vulnerability {unknown}
 q - a scroll of noise {unknown}
 r - a scroll of identify
 u - 6 scrolls of recharging
 v - a scroll of remove curse {unknown}
 w - 5 scrolls of teleportation
 y - a scroll of acquirement {unknown}
 C - a scroll of fog
 G - a scroll of enchant weapon
 K - a scroll of silence {unknown}
Potions
 g - 5 potions of curing
 j - 2 potions of agility
 n - a potion of ambrosia {unknown}
 t - 2 potions of haste {unknown}
 z - a potion of invisibility {unknown}
 B - a potion of brilliance {unknown}
 D - 2 potions of mutation {unknown}
 E - a potion of flight
Comestibles
 f - 4 bread rations
 m - 4 chunks of flesh
 p - 4 meat rations
 x - a royal jelly


   Skills:
 - Level 8.0(6.5) Fighting
 + Level 11.1(9.4) Long Blades
 + Level 2.7(1.4) Armour
 + Level 3.0(1.7) Shields


You had 9 spell levels left.
You didn't know any spells.

Dungeon Overview and Level Annotations

Branches:
Dungeon (7/15)             Temple (1/1) D:6

Altars:
Ashenzari
Cheibriados
Dithmenos
Elyvilon
Fedhas
Gozag
Hepliaklqana
Kikubaaqudgha
Makhleb
Nemelex Xobeh
Okawaru
Ru
Sif Muna
Trog
Uskayaw
Vehumet
Xom
Yredelemnul
Zin
The Shining One

Annotations:
D:10 Nergalle


Innate Abilities, Weirdness & Mutations

You have razor-sharp teeth.
Your natural rate of healing is unusually fast.
When hurt, damage is shared between your health and your magic reserves.
Your bite disrupts and absorbs the magic of your enemies.
Potions cannot restore your health.
You are immune to rotting.


Message History

The spectral orc warrior is severely damaged.
The spectral orc warrior is no longer sharing its pain. x2
The spectral orc warrior hits you but does no damage.
The spectral orc knight hits you but does no damage.
You can no longer merge with and destroy a victim.
You closely miss the spectral orc warrior.
You bite the spectral orc warrior, but do no damage.
The spectral orc warrior is severely damaged.
You block the spectral orc warrior's attack.
The spectral orc knight hits you but does no damage.
You hit the spectral orc warrior but do no damage.
You bite the spectral orc warrior! You drain its power.
You destroy the spectral orc warrior!
Nergalle gestures at you while chanting.
The bolt of negative energy hits the spectral orc warrior.
The spectral orc warrior completely resists.
The bolt of negative energy hits the spectral orc knight.
The spectral orc knight completely resists.
The bolt of negative energy hits you!
You feel drained.
You die...

......≈.......##...........#
>...≈≈≈≈..###.##...........#
....!≈≈♣..# #.##...........#
......≈≈..# #.##...........#
..........# #.##.######+####
#.#.#.##### #.##.# #.#.
#.##.# # #.##.# #)##@#
#.##Z# #.##Z#'####
#...oY...... #..#.#######
#..#... #..#...{Y
#..#....... #..#....$>.


You could see Nergalle, a spectral orc warrior, a spectral orc knight and a yak.

Vanquished Creatures
  A two-headed ogre (D:7)
  Pikel (D:6)
  The ghost of MTVSty1e the Skirmisher, an amateur FoSu (D:4)
  A hippogriff (D:4)
  Grinder (Sewer)
  A wyvern (D:10)
  5 yaks (D:10)
  An orc warrior (D:10)
  2 ogres
  A phantom (D:3)
  A crocodile (D:10)
  2 big kobolds (Sewer)
  A gnoll sergeant (D:6)
  Blork the orc (D:5)
  A scorpion (D:5)
  2 howler monkeys (D:5)
  2 quasits
  A centaur zombie (D:7)
  A bullfrog zombie (D:5)
  3 hounds
  3 orc priests
  3 iguanas
  4 orc wizards
  3 worker ants (D:4)
  5 big kobold zombies (Sewer)
  A hound zombie (D:6)
  A hound skeleton (D:6)
  2 gnolls (D:6)
  9 adders
  4 shadow imps
  4 ufetubi (Sewer)
  2 oozes (Sewer)
  2 worms (D:3)
  A dart slug (D:1)
  6 leopard geckos
  8 orcs
  4 giant cockroaches
  8 goblins
  8 hobgoblins
  2 jackals (D:6)
  5 quokkas
  3 ball pythons
  4 bats
  4 frilled lizards
  20 kobolds
  2 quokka skeletons
  A quokka zombie (D:5)
  8 rats
157 creatures vanquished.

Vanquished Creatures (others)
  A scorpion (D:6)
  A bullfrog skeleton (D:6)
  A worker ant (D:6)
  2 gnolls (D:6)
  An adder (D:6)
  An ooze (Sewer)
  2 jackals (D:6)
  A kobold zombie (Sewer)
10 creatures vanquished.

Grand Total: 167 creatures vanquished

Notes
Turn   | Place    | Note
-------+----------+-------------------------------------------
     0 | D:1      | anfisbena the Vine Stalker Fighter began the quest for the Orb.
     0 | D:1      | Reached XP level 1. HP: 11/11 MP: 2/2
    62 | D:1      | Reached skill level 2 in Long Blades
   274 | D:1      | Reached XP level 2. HP: 16/16 MP: 3/3
   989 | D:1      | Reached XP level 3. HP: 14/20 MP: 2/4
  1244 | D:2      | Found a faded altar of an unknown god.
  1564 | D:2      | Reached skill level 3 in Long Blades
  1735 | D:2      | Gained mutation: Your natural rate of healing is unusually fast. [Vine Stalker growth]
  1735 | D:2      | Reached XP level 4. HP: 24/24 MP: 5/5
  2213 | D:3      | Found a white marble altar of Elyvilon.
  2238 | D:3      | Noticed a phantom
  2287 | D:3      | Killed a phantom
  2287 | D:3      | Reached skill level 4 in Long Blades
  2287 | D:3      | Reached XP level 5. HP: 25/29 MP: 6/6
  2814 | D:4      | Reached XP level 6. HP: 32/33 MP: 5/7
  2870 | D:4      | Noticed MTVSty1e's ghost (amateur FoSu)
  2886 | D:4      | Killed MTVSty1e's ghost
  2886 | D:4      | Reached skill level 5 in Long Blades
  2886 | D:4      | Reached XP level 7. HP: 6/38 MP: 1/8
  3187 | D:4      | Found an iron altar of Okawaru.
  3197 | D:4      | Reached skill level 6 in Long Blades
  3249 | D:4      | Noticed a hippogriff
  3272 | D:4      | Killed a hippogriff
  3272 | D:4      | Reached skill level 5 in Fighting
  3620 | D:5      | Entered Level 5 of the Dungeon
  3659 | D:5      | Noticed Blork the orc
  3667 | D:5      | Killed Blork the orc
  3667 | D:5      | Gained mutation: You have razor-sharp teeth. [Vine Stalker growth]
  3667 | D:5      | Reached XP level 8. HP: 43/43 MP: 9/9
  3769 | D:5      | Reached skill level 7 in Long Blades
  4330 | D:6      | Noticed Pikel
  4356 | D:6      | Killed Pikel
  4356 | D:6      | Reached skill level 8 in Long Blades
  4445 | D:6      | Reached XP level 9. HP: 49/49 MP: 10/10
  4615 | D:6      | Found a glowing drain.
  4624 | Sewer    | Entered a sewer
  4749 | Sewer    | Reached skill level 9 in Long Blades
  4770 | Sewer    | Found a burning altar of Makhleb.
  4887 | Sewer    | Noticed Grinder
  4903 | Sewer    | Killed Grinder
  5221 | D:6      | Found a blossoming altar of Fedhas.
  5490 | D:6      | Found a staircase to the Ecumenical Temple.
  5708 | Temple   | Entered the Ecumenical Temple
  5716 | Temple   | Became a worshipper of Uskayaw the Reveler
  5862 | D:6      | Found a shattered altar of Ashenzari.
  5866 | D:6      | Found a glowing silver altar of Zin.
  5869 | D:6      | Found a blossoming altar of Fedhas.
  5921 | D:6      | Reached * piety under Uskayaw
  6022 | D:7      | Reached ** piety under Uskayaw
  6049 | D:7      | Found an opulent altar of Gozag.
  6082 | D:7      | Reached *** piety under Uskayaw
  6189 | D:7      | Noticed a two-headed ogre
  6196 | D:7      | Killed a two-headed ogre
  6196 | D:7      | Reached skill level 10 in Long Blades
  6350 | D:7      | You fall through a shaft for 3 floors!
  6350 | D:10     | Entered Level 10 of the Dungeon
  6409 | D:10     | Reached XP level 10. HP: 55/55 MP: 5/11
  6417 | D:10     | Reached **** piety under Uskayaw
  6465 | D:10     | Reached ***** piety under Uskayaw
  6471 | D:10     | Reached skill level 11 in Long Blades
  6476 | D:10     | Reached ****** piety under Uskayaw
  6479 | D:10     | Noticed Nergalle
  6499 | D:10     | Killed from afar by Nergalle

Skill      XL: |  1  2  3  4  5  6  7  8  9 10 |
---------------+-------------------------------+-----
Long Blades    | 2 3 4 5 6 8 10 11 | 11.1
Fighting       | 3 4 5 6 7 8 |  8.0
Shields        | 3 |  3.0
Armour         | |  2.7

Action                   |  1- 3 |  4- 6 |  7- 9 | 10-12 || total
-------------------------+-------+-------+-------+-------++-------
Melee: Long sword        |    88 |    93 |   354 |       ||   535
       Bite              |    18 |    34 |   128 |    25 ||   205
       Unarmed           |       |       |    10 |    11 ||    21
       Scimitar          |       |       |       |    47 ||    47
  Use: Potion            |       |     1 |     3 |       ||     4
       Scroll            |       |       |    10 |       ||    10
 Stab: Paralysed         |       |       |     1 |     2 ||     3
  Eat: Chunk             |     3 |     4 |     9 |     1 ||    17
       Royal jelly       |       |       |     1 |       ||     1
Armor: Scale mail        |    37 |       |       |       ||    37
       Chain mail        |       |    31 |   223 |       ||   254
       Plate armour      |       |       |    24 |    15 ||    39
       Skin              |       |       |     3 |     4 ||     7
Dodge: Dodged            |    21 |    13 |    76 |     3 ||   113
Block: Shield            |    42 |    38 |   177 |    24 ||   281
       Rpst.: Long sword |     4 |     3 |    21 |       ||    28
       Scimitar          |       |       |       |     2 ||     2
